 Dungeon Crawl Stone Soup version 0.30.1-11-g7821555f0a (webtiles) character file.

Game seed: 18051135329624798058

174 Martska the Trooper (level 5, -4/44 HPs)
             Began as a Demonspawn Fighter on Dec 13, 2023.
             Slain by Grinder (5 damage)
             ... on level 3 of the Dungeon.
             The game lasted 00:02:51 (2250 turns).

Martska the Trooper (Demonspawn Fighter)            Turns: 2250, Time: 00:02:52

Health: -4/44      AC:  8    Str: 19    XL:     5   Next: 28%
Magic:  5/5        EV: 10    Int:  9    God:
Gold:   108        SH:  4    Dex: 12    Spells: 4/4 levels left

rFire   + . .        a - +0 trident
rCold   + . .        c - +0 buckler
rNeg    . . .        b - +0 scale mail
rPois   +            (no helmet)
rElec   +            (no cloak)
rCorr   +            (no gloves)
SInv    .            (no boots)
Will    .....        (no amulet) Stlth
                     h - ring of poison resistance
HPRegen 0.27/turn    (no ring)
MPRegen 0.09/turn

%: no passive effects
@: mighty, resistant
A: rugged brown scales 2
a: no special abilities


You were on level 3 of the Dungeon.
You visited 1 branch of the dungeon, and saw 3 of its levels.

You collected 108 gold pieces.

Inventory:

Hand Weapons
 a - a +0 trident (weapon)
Armour
 b - a +0 scale mail (worn)
 c - a +0 buckler (worn)
 j - a scarf of harm
 o - a +0 plate armour
Jewellery
 h - a ring of poison resistance (left hand)
Scrolls
 f - a scroll of fog {unknown}
 g - 6 scrolls of identify {unknown}
 l - 2 scrolls of enchant weapon {unknown}
 m - a scroll of fear {unknown}
 p - a scroll of immolation {unknown}
Potions
 e - a potion of heal wounds {unknown}
 i - a potion of attraction {unknown}
 k - a potion of resistance
 n - a potion of mutation {unknown}


   Skills:
 * Level 4.2 Fighting
 - Level 1.7 Polearms
 + Level 3.3 Armour
 * Level 2.5 Dodging
 + Level 3.3 Shields


You had 4 spell levels left.
You didn't know any spells.
Your spell library was empty.

Dungeon Overview and Level Annotations

Branches:
Dungeon (3/15)

Altars:
Sif Muna
Xom

Shops:
D:3 ?

Annotations:
D:3 Grinder


Innate Abilities, Weirdness & Mutations

You are mostly covered in rugged brown scales. (AC +2, +5% HP)


Message History

You feel very mighty all of a sudden. The phantom hits you.
Grinder zaps a wand.
Some rock shatters into small pieces.
You closely miss the phantom.
The phantom hits you but does no damage.
You closely miss the phantom.
Grinder blinks!
The phantom barely misses you.
You puncture the phantom!
The phantom is heavily damaged.
The phantom hits you.
The phantom blinks!
You blink.
Grinder blinks!
Grinder blinks!
The phantom attacks as you move away! The phantom barely misses you.
Grinder says, "Just stop there for a second..."
You hit the phantom.
The phantom is severely damaged.
You block the phantom's attack. The phantom hits you.
You puncture the phantom!
The phantom is almost destroyed.
Grinder hits you!
* * * LOW HITPOINT WARNING * * *
You writhe in agony.
* * * LOW HITPOINT WARNING * * *
The phantom hits you but does no damage.
You puncture Grinder!
Grinder is lightly wounded.
Grinder blinks!
The phantom hits you but does no damage.
You puncture the phantom!
You destroy the phantom!
Grinder blinks!
Grinder misses you.
Your Fighting skill increases to level 4!
You have reached level 5!
Your demonic ancestry asserts itself...
Rugged brown scales spread over more of your body.
It was a potion of resistance.
You feel protected. Grinder hits you.
* * * LOW HITPOINT WARNING * * *
You writhe in agony.
You die...

#.##.##..### #.#.# # #.##<.#
#.#.# #.###.# #.#.# #. #.# #.#
#.#.# #. #.# #.#####.#.# #. ..#
#.......#.#### ###. ..#
##...........# #... ...........#
#.#. ..<...ยง@...# #.#.
........5..# #.#. ######..####
#... ##.## #... #..##
#########..# ############ #.#.#
#.......#... 8.........8#
#..#.##.......#..# .....8.....#
#.#.#.#.......#.#.
...#####...#####.##.#........#.#.


You could see Grinder.

Vanquished Creatures
  A phantom (D:3)
  Natasha (D:3)
  An adder (D:2)
  3 worms
  3 orcs (D:3)
  5 ball pythons
  8 bats
  4 endoplasms
  4 giant cockroaches (D:1)
  7 goblins
  3 hobgoblins
  3 quokkas
  A frilled lizard (D:3)
  7 kobolds
  7 rats
58 creatures vanquished.

Notes
Turn   | Place    | Note
-------+----------+-------------------------------------------
     0 | D:1      | Martska the Demonspawn Fighter began the quest for the Orb.
     0 | D:1      | Reached XP level 1. HP: 18/18 MP: 1/1
   188 | D:1      | Gained mutation: You are partially covered in rugged brown
                  | scales. (AC +1, +3% HP) [demonic ancestry]
   188 | D:1      | Reached XP level 2. HP: 18/24 MP: 2/2
   304 | D:1      | Reached skill level 1 in Dodging
   689 | D:1      | Reached XP level 3. HP: 29/29 MP: 3/3
  1013 | D:2      | Found a shimmering altar of Xom.
  1762 | D:3      | Reached XP level 4. HP: 37/37 MP: 4/4
  1797 | D:3      | Noticed Natasha
  1803 | D:3      | Killed Natasha
  2082 | D:3      | Found The Oracle's Delphic Readings.
  2148 | D:3      | Found a shimmering blue altar of Sif Muna.
  2226 | D:3      | Noticed a phantom
  2227 | D:3      | Noticed Grinder
  2249 | D:3      | Killed a phantom
  2250 | D:3      | Reached skill level 4 in Fighting
  2250 | D:3      | Gained mutation: You are mostly covered in rugged brown
                  | scales. (AC +2, +5% HP) [demonic ancestry]
  2250 | D:3      | Reached XP level 5. HP: 7/44 MP: 5/5
  2250 | D:3      | HP: 1/44 [Grinder (6)]
  2250 | D:3      | Slain by Grinder

Illustrated notes

Levels and vault maps discovered:
D:1:      dpeg_arrival_pond, layout_loops_ring, serial_rivers,
          chequers_serial_rivers_large_b, chequers_serial_rivers_micro_a,
          chequers_serial_rivers_room_a, chequers_serial_rivers_small_3,
          chequers_serial_rivers_room_b
D:2:      layout_basic, basic_altar, minmay_cut_off
D:3:      layout_basic, nicolae_overflow_squiral, nicolae_nh_oracle_at_delphi,
          uniq_grinder, uniq_natasha

Skill      XL: |  1  2  3  4 |
---------------+-------------+-----
Dodging        | 1 2 |  2.5
Shields        | 3 |  3.3
Armour         | 3 |  3.3
Fighting       | 4 |  4.2
Polearms       | |  1.7

Action                     |  1- 3 |  4- 6 || total
---------------------------+-------+-------++-------
  Melee: Trident           |   162 |    69 ||   231
    Use: Potion            |       |     7 ||     7
 Armour: Scale mail        |    56 |    64 ||   120
  Dodge: Dodged            |    52 |    83 ||   135
  Block: Buckler           |    19 |    35 ||    54
